 Dungeon Crawl Stone Soup version 0.28.0-62-gf88900778d (webtiles) character file.

Game seed: 10423467074801778516

271 OrthodoxDeviant the Gusty (level 6, -4/45 HPs)
             Began as a Barachi Air Elementalist on Jan 2, 2024.
             Slain by Grinder (6 damage)
             ... while paralysed by Grinder
             ... on level 3 of the Dungeon.
             The game lasted 00:10:05 (4432 turns).

OrthodoxDeviant the Gusty (BaAE)                    Turns: 4432, Time: 00:10:05

Health: -4/45      AC:  3    Str: 11    XL:     6   Next: 23%
Magic:  1/11       EV:  2    Int: 18    God:
Gold:   164        SH:  0    Dex: 12    Spells: 2/12 levels left

rFire   + . .      SeeInvis .   l - +1 dagger (venom)
rCold   . . .      Faith    .   (no shield)
rNeg    . . .      Spirit   .   a - +0 robe
rPois   .          Reflect  .   (no helmet)
rElec   .          Harm     .   (no cloak)
rCorr   .          Rampage  .   (no gloves)
Will    .....                   i - +0 pair of boots
Stlth   ++........              (no amulet)
HPRegen 0.15/turn               e - ring of protection from fire
MPRegen 0.12/turn               (no ring)

@: paralysed, unable to hop, slow
A: amphibious, slowness 1, strong legs 1, +LOS, robust 1, strong 1
a: Hop


You were on level 3 of the Dungeon.
You visited 1 branch of the dungeon, and saw 4 of its levels.

You collected 164 gold pieces.

Inventory:

Hand Weapons
 l - a +1 dagger of venom (weapon)
Armour
 a - a +0 robe (worn)
 i - a +0 pair of boots (worn)
Jewellery
 e - a ring of protection from fire (left hand)
Scrolls
 c - a scroll of noise {unknown}
 f - 3 scrolls of teleportation {unknown}
 g - a scroll of blinking {unknown}
 h - a scroll of enchant weapon {unknown}
 k - a scroll of vulnerability {unknown}
 n - a scroll of fear {unknown}
Potions
 b - 2 potions of curing
 d - a potion of flight {unknown}
 j - a potion of mutation
 m - a potion of haste {unknown}


   Skills:
 - Level 2.1 Dodging
 - Level 1.7 Stealth
 + Level 3.8 Spellcasting
 + Level 3.7 Conjurations
 * Level 5.3 Air Magic


You had 2 spell levels left.
You knew the following spells:

 Your Spells              Type           Power      Damage    Failure   Level
a - Shock                 Conj/Air       76%        1d7       2%          1
b - Static Discharge      Conj/Air       19%        N/A       3%          2
c - Swiftness             Air            22%        N/A       4%          3
d - Airstrike             Air            11%        N/A       17%         4

Your spell library contained the following spells:

 Spells                   Type           Power      Damage    Failure   Level


Dungeon Overview and Level Annotations

Branches:
Dungeon (4/15)
 Temple: D:4-7

Altars:
Wu Jian

Shops:
D:4 *

Annotations:
D:3 Grinder
D:4 Ijyb


Innate Abilities, Weirdness & Mutations

You are amphibious.
You cover ground slowly.
You can hop short distances.
You have an extended range of vision and can be seen from far away.
You are robust. (+10% HP)
Your muscles are strong. (Str +2)


Message History

Casting: Static Discharge (safe; 3% risk of failure)
Confirm with . or Enter, or press ? or * to list all spells.
Grinder is struck by an arc of lightning.
Grinder is heavily wounded.
You are struck by an arc of lightning.
The lightning grounds out.
Grinder closely misses you.
Unknown command.
Unknown command.
Unknown command.
Casting: Static Discharge (safe; 3% risk of failure)
Confirm with . or Enter, or press ? or * to list all spells.
Grinder is struck by an arc of lightning.
Grinder is heavily wounded.
The lightning grounds out.
Grinder blinks!
Unknown command.
Unknown command.
Unknown command.
Grinder says, "Make like a tree!"
Okay, then.
Okay, then.
It was a potion of curing.
You feel better.
Okay, then.
You hit Grinder.
Grinder is heavily wounded.
Grinder closely misses you.
You closely miss Grinder.
Grinder is heavily wounded.
Grinder hits you!
You writhe in agony.
It was a potion of mutation.
You feel extremely strange.
You feel robust.
You feel stronger. Grinder gestures at you.
You suddenly lose the ability to move!
Grinder hits you!
* * * LOW HITPOINT WARNING * * *
You writhe in agony.
* * * LOW HITPOINT WARNING * * *
Grinder hits you.
* * * LOW HITPOINT WARNING * * *
You writhe in agony.
You die...

##...## ##### #...##### ##.##
##.#(..... #.# #........# #.#
######.....##.# #.#
##...........#.# #)#
#............#.#
#.#############..###.....†.#..
###.##.........>...# ##.........
##.#.##.####....@##.## ##...#....
#)...##.#......5.....# ###......
........#.##...<.##..# #.#....
#...#####.##.....###.######.#....
##.###........#.............###.#
##.# #.##.###...####..####### #.#
#..# #.##.# ##.#####...# #.# #..#
#.##.# #....##...# #.#
#..###.##.# #.##.##.♣.# #..


You could see Grinder.

Vanquished Creatures
  A scorpion (D:2)
  A gnoll shaman (D:4)
  An orc priest (D:3)
  Robin (D:3)
  2 gnolls (D:4)
  4 adders
  An adder skeleton (D:4)
  A worm (D:2)
  A dart slug (D:2)
  3 orcs
  4 ball pythons
  7 endoplasms
  4 giant cockroaches
  13 goblins
  8 hobgoblins
  9 jackals
  4 quokkas
  4 frilled lizards
  2 kobolds (D:2)
  5 rats
76 creatures vanquished.

Notes
Turn   | Place    | Note
-------+----------+-------------------------------------------
     0 | D:1      | OrthodoxDeviant the Barachi Air Elementalist began the
                  | quest for the Orb.
     0 | D:1      | Reached XP level 1. HP: 13/13 MP: 3/3
   190 | D:1      | Reached XP level 2. HP: 19/19 MP: 0/5
   292 | D:1      | Learned a level 2 spell: Static Discharge
  1131 | D:1      | Found a faded altar of an unknown god.
  1209 | D:1      | Reached XP level 3. HP: 24/24 MP: 4/7
  1678 | D:2      | Learned a level 3 spell: Swiftness
  1748 | D:2      | Reached skill level 4 in Air Magic
  1920 | D:2      | Reached XP level 4. HP: 30/30 MP: 5/8
  2464 | D:3      | Noticed a scorpion
  2488 | D:2      | Killed a scorpion
  2489 | D:2      | Reached XP level 5. HP: 25/35 MP: 0/10
  2573 | D:2      | Learned a level 4 spell: Airstrike
  2676 | D:3      | Found an ornate altar of the Wu Jian Council.
  2800 | D:3      | Noticed Robin
  2803 | D:3      | Killed Robin
  3868 | D:4      | Found Idwouxun's General Store.
  3872 | D:4      | Reached skill level 5 in Air Magic
  3961 | D:4      | Noticed Ijyb
  4178 | D:4      | Reached XP level 6. HP: 41/41 MP: 6/11
  4403 | D:4      | Noticed Grinder
  4413 | D:4      | Paralysed by Grinder for 2 turns
  4430 | D:3      | Gained mutation: You are robust. (+10% HP) [potion of
                  | mutation]
  4430 | D:3      | Gained mutation: Your muscles are strong. (Str +2) [potion
                  | of mutation]
  4430 | D:3      | Paralysed by Grinder for 6 turns
  4432 | D:3      | HP: 2/45 [Grinder (3)]
  4432 | D:3      | Slain by Grinder

Illustrated notes

Levels and vault maps discovered:
D:1:      minmay_arrival_stair_chambers, layout_basic,
          shapermc_ecumenical_altar_venn, chequers_avenue,
          kennysheep_flooded_box
D:2:      layout_basic, fountainhead, chequers_big_river, minivault_19
D:3:      layout_loops_ring, mainiacjoe_overflow_boulevard, uniq_robin
D:4:      layout_layer_cave, amcnicky_mini_rare_corridor_liquid,
          nicolae_stop_n_shop_1, uniq_ijyb, uniq_grinder, uniq_menkaure

Skill      XL: |  1  2  3  4  5 |
---------------+----------------+-----
Conjurations   | 2 3 |  3.7
Spellcasting   | 3 |  3.8
Air Magic      | 4 5 |  5.3
Dodging        | |  2.1
Stealth        | |  1.7

Action                   |  1- 3 |  4- 6 || total
-------------------------+-------+-------++-------
Melee: Unarmed           |    15 |     4 ||    19
       Dagger            |       |     7 ||     7
 Cast: Shock             |    68 |    67 ||   135
       Static Discharge  |     2 |    12 ||    14
       Swiftness         |       |     1 ||     1
 Abil: Hop               |       |     2 ||     2
  Use: Potion            |       |     2 ||     2
Armor: Robe              |     2 |     3 ||     5
Dodge: Dodged            |    11 |    19 ||    30
